 Dungeon Crawl Stone Soup version 0.20.0-15-g7f486f2 (webtiles) character file.

205 esteth the Digger (level 5, -2/28 HPs)
             Began as a Gargoyle Earth Elementalist on June 16, 2017.
             Killed by divine providence
             ... invoked by an orc priest
              (16 damage)
             ... on level 5 of the Dungeon.
             The game lasted 00:10:28 (4931 turns).

esteth the Digger (Gargoyle Earth Elementalist)     Turns: 4931, Time: 00:10:29

Health: -2/28      AC:  7    Str: 11    XL:     5   Next: 83%
Magic:  0/8        EV: 12    Int: 17    God:
Gold:   221        SH:  0    Dex: 10    Spells: 2/8 levels left

rFire    . . .     SeeInvis +   n - +0 mace
rCold    . . .     Gourm    .   (no shield)
rNeg     + . .     Faith    .   c - +1 robe
rPois    ∞         Spirit   .   (no helmet)
rElec    +         Reflect  .   (no cloak)
rCorr    .         Harm     .   (no gloves)
MR       .....                  (no boots)
Stlth    ++........             (no amulet)
Regen    0.1/turn               i - ring of see invisible
MPRegen  0.2/turn               (no ring)

@: no status effects
A: negative energy resistance 1, electricity resistance, unbreathing,
petrification resistance, rot immunity, AC +4
a: no special abilities


You were on level 5 of the Dungeon.
You were very hungry.

You visited 1 branch of the dungeon, and saw 5 of its levels.

You collected 221 gold pieces.

Inventory:

Hand Weapons
 n - a +0 mace (weapon)
Missiles
 b - 167 stones (quivered)
Armour
 c - a +1 robe (worn)
Jewellery
 i - a ring of see invisible (left hand)
 m - the ring "Gaje" {Ice *Slow Int+2 Slay+2}
   (You found it on level 5 of the Dungeon)

   [ring of ice]

   It enhances your ice magic.
   It affects your intelligence (+2).
   It affects your accuracy and damage with ranged weapons and melee attacks
   (+2).
   It makes you vulnerable to fire.
   It protects you from cold.
   It may slow you when you take damage.
Wands
 g - a wand of iceblast (11/15)
Scrolls
 a - a scroll of recharging
 h - a scroll of remove curse
 k - a scroll of enchant weapon {unknown}
 l - a scroll of enchant armour
Books
 e - a book of Geomancy

   Spells                             Type                      Level
   a - Sandblast                      Earth                        1
   b - Passwall                       Transmutation/Earth          2
   c - Stone Arrow                    Conjuration/Earth            3
   d - Petrify                        Transmutation/Earth          4
   e - Lee's Rapid Deconstruction     Earth                        5
Comestibles
 d - 2 bread rations
 j - a meat ration
 o - 6 fruits


   Skills:
 - Level 1.5 Dodging
 - Level 2.1 Stealth
 - Level 2.0 Spellcasting
   Level 0.7 Transmutations
 + Level 7.6 Earth Magic


You had 2 spell levels left.
You knew the following spells:

 Your Spells              Type           Power        Failure   Level  Hunger
a - Sandblast             Erth           ####..       1%          1    #......
b - Lee's Rapid Deconstr  Erth           ####......   22%         5    ######.


Dungeon Overview and Level Annotations

Branches:
Dungeon (5/15)
 Temple: D:4-7

Altars:
Dithmenos
Nemelex Xobeh
Yredelemnul


Innate Abilities, Weirdness & Mutations

You are resistant to torment.
Your stone body is resilient. (AC +4)
You are immune to poison.
You resist negative energy. (rN+)
You are resistant to electric shocks. (rElec)
You can survive without breathing.
You are immune to petrification.
You are immune to rotting.


Message History

The orc wizard barely misses you.
Casting: Sandblast
Confirm with . or Enter, or press ? or * to list all spells.
You don't have enough magic to cast that spell.
You hit the orc priest but do no damage.
The orc priest is heavily wounded.
The orc priest barely misses you. The orc wizard closely misses you.
You closely miss the orc priest.
The orc priest is heavily wounded.
The orc wizard misses you. The orc wizard barely misses you.
The orc priest hits you with a hand axe!
* * * LOW HITPOINT WARNING * * *
The orc wizard hits you but does no damage.
You feel better.
You hear the quick rusting of a distant drain.
The orc wizard hits you but does no damage.
The orc priest mumbles some strange prayers to Beogh against you.
Beogh smites you!
Ouch! That really hurt!
You die...

####.........# ... #
.#............####..## .##
..#...........#.....o. ..#
...##.........>..!..o. #⌠.⌠
....#................##.._. #
#.................o#..⌠.⌠ #.
#.........#.......o.# .. ..
#.##.......o.########.##... ..
#........o@..# #.##.# ..#
###.....#o###########....# ...
#.........o.##.........##
...#####....#......o..o.......#
..............................#
.....##...##..###...#.##.#####...
#.#..................... ...
###<...................#### ...
##.....####.#.##........# ..


You could see an orc priest and 2 orc wizards.

Vanquished Creatures
  An orc priest (D:5)
  A jelly (D:5)
  5 adders
  2 worms
  2 dart slugs
  3 leopard geckos
  3 orcs
  13 bats
  5 giant cockroaches
  9 goblins
  9 hobgoblins
  2 quokkas
  3 ball pythons
  6 frilled lizards
  9 kobolds
  10 rats
83 creatures vanquished.

Notes
Turn   | Place    | Note
-------+----------+-------------------------------------------
     0 | D:1      | esteth the Gargoyle Earth Elementalist began the quest for the Orb.
     0 | D:1      | Reached XP level 1. HP: 10/10 MP: 3/3
   345 | D:1      | Reached skill level 4 in Earth Magic
   375 | D:1      | Reached XP level 2. HP: 6/15 MP: 3/5
  1593 | D:2      | Reached skill level 5 in Earth Magic
  1593 | D:2      | Reached XP level 3. HP: 17/19 MP: 6/6
  2175 | D:2      | Found a basalt altar of Yredelemnul.
  2549 | D:2      | Reached XP level 4. HP: 8/24 MP: 4/7
  3196 | D:3      | Reached skill level 6 in Earth Magic
  4306 | D:4      | Found a shadowy altar of Dithmenos.
  4307 | D:4      | Noticed an ogre
  4332 | D:5      | Entered Level 5 of the Dungeon
  4334 | D:5      | Reached XP level 5. HP: 13/28 MP: 5/8
  4491 | D:5      | Learned a level 5 spell: Lee's Rapid Deconstruction
  4523 | D:5      | Got a translucent wooden ring
  4524 | D:5      | Identified the ring "Gaje" {Ice *Slow Int+2 Slay+2} (You found it on level 5 of the Dungeon)
  4550 | D:5      | Reached skill level 7 in Earth Magic
  4888 | D:5      | Found a sparkling altar of Nemelex Xobeh.
  4931 | D:5      | Killed from afar by an orc priest

Skill      XL: |  1  2  3  4  5 |
---------------+----------------+-----
Earth Magic    | 4 5 6 7 |  7.6
Dodging        | |  1.5
Stealth        | |  2.1
Spellcasting   | |  2.0
Transmutations | |  0.7

Action                   |  1- 3 |  4- 6 || total
-------------------------+-------+-------++-------
Melee: Unarmed           |    43 |       ||    43
       Club              |   175 |    40 ||   215
       Mace              |       |   116 ||   116
 Cast: Sandblast         |    10 |    20 ||    30
       Lee's Rapid Decon |       |     1 ||     1
  Use: Scroll            |     2 |     6 ||     8
       Potion            |       |     3 ||     3
 Stab: Sleeping          |     4 |     3 ||     7
  Eat: Chunk             |     5 |     8 ||    13
Armor: Robe              |   103 |    84 ||   187
Dodge: Dodged            |   180 |   165 ||   345
